 Dungeon Crawl Stone Soup version 0.31.0 (webtiles) character file.

Game seed: 6255831940661406387

4874 Sobieck the Grappler (level 10, 0/147 HPs)
             Began as a Troll Monk on Jan 19, 2024.
             Was a Priest of Cheibriados.
             Slain by a killer bee (3 damage)
             ... on level 9 of the Dungeon.
             The game lasted 00:17:48 (7172 turns).

Sobieck the Grappler (Troll Monk)                   Turns: 7172, Time: 00:17:48

Health: 0/147      AC:  2    Str: 33    XL:     10   Next: 26%
Magic:  0/9        EV: 15    Int: 14    God:    Cheibriados [***...]
Gold:   568        SH:  0    Dex: 20    Spells: 9/9 levels left

rFire   . .          .
                       - Unarmed
rCold   . . .        c - melded orb {light}
rNeg    . . .        a - melded +0 robe
rPois   .            (helmet restricted)
rElec   .            (no cloak)
rCorr   .            (gloves unavailable)
SInv    .            (boots unavailable)
Will    .....        t - amulet of guardian spirit Stlth
                     w - ring of wizardry
HPRegen 1.24/turn    (no ring)
MPRegen 0.11/turn

%: guardian spirit, wizardry (x1)
@: berserking (expiring), lethally poisoned (0 -> -17), flux-form, glowing, very
slow
A: glow, contaminating, large, unfitting armour, claws 3, regeneration 1, shaggy
fur 1, tough skin 1
a: Begin Untransformation, Renounce Religion, Bend Time, Temporal Distortion


You were on level 9 of the Dungeon.
You worshipped Cheibriados.
Cheibriados was most pleased with you.
You were something dangerously unstable.
You visited 2 branches of the dungeon, and saw 10 of its levels.
You also visited: Ossuary.

You collected 568 gold pieces.

Inventory:

Hand Weapons
 p - the +1 dagger of Semulux {antimagic, Str+2 Dex+3}
   (You found it on level 5 of the Dungeon)

   Str+2:     It affects your strength (+2).
   Dex+3:     It affects your dexterity (+3).
Armour
 a - a +0 robe (melded)
 c - an orb of light (melded)
Magical Staves
 q - a staff of alchemy
Jewellery
 t - an amulet of guardian spirit (around neck)
 w - a ring of wizardry (left claw)
 B - a ring of fire
Talismans
 f - a flux talisman (active)
Wands
 E - a wand of charming (13)
 I - a wand of iceblast (5)
Scrolls
 b - a scroll of blinking
 d - 2 scrolls of butterflies
 e - a scroll of fear
 g - 3 scrolls of amnesia
 o - 4 scrolls of immolation
 r - a scroll of torment {unknown}
 u - a scroll of fog {unknown}
 x - a scroll of poison
 y - a scroll of silence {unknown}
 A - a scroll of revelation {unknown}
 R - 2 scrolls of identify
 T - 3 scrolls of teleportation
Potions
 h - 3 potions of lignification
 i - a potion of ambrosia
 j - a potion of enlightenment {unknown}
 k - a potion of degeneration {unknown}
 l - 2 potions of magic
 m - a potion of mutation {unknown}
 n - 3 potions of brilliance
 v - a potion of might {unknown}
 H - 4 potions of haste
 Q - 5 potions of curing


   Skills:
 + Level 5.9 Fighting
 - Level 2.4 Dodging
 + Level 11.8 Unarmed Combat
 - Level 7.0 Shapeshifting


You had 9 spell levels left.
You didn't know any spells.
Your spell library contained the following spells:

 Spells                   Type           Power      Damage    Failure   Level
 Necrotise                Necr           0%         1d4       12%         1
 Summon Small Mammal      Summ           0%         N/A       12%         1
 Blink                    Tloc           0%         N/A       17%         2
 Lesser Beckoning         Tloc           0%         N/A       17%         2
 Momentum Strike          Conj/Tloc      0%         3d8       17%         2
 Call Canine Familiar     Summ           0%         N/A       32%         3
 Vampiric Draining        Necr           0%         2d6       32%         3
 Brom's Barrelling Bould  Conj/Erth      0%         2d3       71%         4
 Martyr's Knell           Necr/Summ      0%         N/A       71%         4
 Summon Blazeheart Golem  Fire/Summ      0%         N/A       71%         4
 Curse of Agony           Necr           0%         N/A       95%         5
 Fireball                 Conj/Fire      0%         3d3       95%         5
 Iskenderun's Battlesphe  Conj           0%         2d6       95%         5
 Conjure Ball Lightning   Conj/Air       0%         3x3d6     100%        6
 Orb of Destruction       Conj           0%         9d5       100%        7


Dungeon Overview and Level Annotations

Branches:
Dungeon (9/15)             Temple (1/1) D:7            Lair (0/5) D:8
Ossuary (visited)
    Orc: D:9-12

Altars:
Ashenzari
Cheibriados
Dithmenos
Elyvilon
Fedhas
Gozag
Hepliaklqana
Makhleb
Nemelex Xobeh
Qazlal
Ru
Sif Muna
Trog
Uskayaw
Vehumet
Wu Jian
Xom
Yredelemnul
Zin
The Shining One


Innate Abilities, Weirdness & Mutations

You are something dangerously unstable.
You glow with magical radiation, making you easy to see and hit.
Foes you strike become dangerously contaminated with magical radiation.
You are incapable of wielding weapons or throwing items.
You are too large for most types of armour.
You have claws for hands.
Your natural rate of healing is unusually fast.
You are covered in fur. (AC +1)
You have tough skin. (AC +1)


Message History

You feel mighty!
You feel sick. The killer bee misses you. The killer bee barely misses you.
You miss the killer bee.
You feel sick. The killer bee barely misses you. The killer bee stings you.
* * * LOW HITPOINT WARNING * * *
You are more poisoned.
The killer bee poisons you!
You miss the killer bee.
You feel sick. The killer bee closely misses you.
You barely miss the killer bee.
You feel sick. The killer bee closely misses you. The killer bee misses you.
You scratch the killer bee.
The killer bee begins to glow.
The killer bee is lightly wounded.
You feel sick. The killer bee stings you.
* * * LOW HITPOINT WARNING * * *
You are more poisoned.
The killer bee poisons you! The killer bee closely misses you.
You claw the killer bee!
The killer bee glows dangerously bright.
The killer bee is almost dead.
You feel sick.
The killer bee stings you but does no damage.
You closely miss the killer bee.
The killer bee is almost dead.
You feel very sick. The killer bee stings you!
* * * LOW HITPOINT WARNING * * *
The killer bee closely misses you.
You mangle the killer bee!!
You kill the killer bee!
Cheibriados thoroughly appreciates the change of pace.
You feel sick.
You closely miss the killer bee.
You feel sick. The killer bee misses you. The killer bee completely misses you.
You closely miss the killer bee.
You feel sick. The killer bee misses you.
You barely miss the killer bee.
You feel sick. The killer bee stings you.
* * * LOW HITPOINT WARNING * * *
You are more poisoned.
The killer bee poisons you! The killer bee stings you.
* * * LOW HITPOINT WARNING * * *
You are lethally poisoned!
The killer bee poisons you!
You scratch the killer bee.
The killer bee begins to glow.
The killer bee is lightly wounded.
* * * LOW HITPOINT WARNING * * *
You feel very sick. The killer bee stings you.
* * * LOW HITPOINT WARNING * * *
You are more poisoned.
The killer bee poisons you! The killer bee stings you.
You die...

#.#...#.#.#.#
#.....#.#.#.#
.#..####.....#.#.#.#
.............#.#.#.#
.#..####.>.#..<#.#.#
#..####...###.#.#.#
#.............#
#.######.######.#
........yp.....#
.######.######## #..
###


You could see a killer bee (contam).

Vanquished Creatures
  A hornet (D:7)
  5 yaks (D:9)
  Grum (D:8)
  A steam dragon (D:8)
  2 acid dragons (D:8)
  2 water moccasins
  2 ice beasts
  2 black bears (D:4)
  An orc warrior (D:9)
  A sky beast (D:6)
  3 ogres
  3 centaurs
  3 wolves (D:8)
  2 kobold brigands (D:8)
  A gnoll sergeant (D:5)
  4 scorpions
  3 wights (Ossuary)
  A burial acolyte (Ossuary)
  5 killer bees (D:9)
  An electric eel (D:9)
  A bombardier beetle (D:5)
  A jelly (D:6)
  9 orc priests
  3 hounds
  A gnoll bouda (D:7)
  A sleepcap (D:5)
  2 iguanas
  5 orc wizards
  11 gnolls
  13 adders
  3 adder skeletons (Ossuary)
  7 dart slugs
  3 ribbon worms
  27 orcs
  5 endoplasms
  3 giant cockroaches
  9 goblins
  6 hobgoblins
  11 jackals
  2 quokkas
  11 ball pythons
  2 ball python skeletons (Ossuary)
  5 bats
  2 frilled lizards (D:1)
  A hobgoblin skeleton (Ossuary)
  19 kobolds
  2 kobold skeletons (Ossuary)
  2 orc skeletons (Ossuary)
  8 rats
219 creatures vanquished.

Notes
Turn   | Place    | Note
-------+----------+-------------------------------------------
     0 | D:1      | Sobieck the Troll Monk began the quest for the Orb.
     0 | D:1      | Reached XP level 1. HP: 22/22 MP: 0/0
    48 | D:1      | Reached XP level 2. HP: 29/29 MP: 1/1
   341 | D:1      | Reached skill level 4 in Unarmed Combat
   598 | D:1      | Reached XP level 3. HP: 36/36 MP: 2/2
   867 | D:2      | Found a faded altar of an unknown god.
  1129 | D:2      | Reached XP level 4. HP: 44/44 MP: 3/3
  1167 | D:2      | Reached skill level 5 in Unarmed Combat
  1229 | D:2      | Found a broken altar of Ashenzari.
  1776 | D:3      | Reached XP level 5. HP: 45/50 MP: 4/4
  1785 | D:3      | Reached skill level 6 in Unarmed Combat
  2488 | D:4      | Found a glowing silver altar of Zin.
  2521 | D:4      | Found a hide-covered altar of Uskayaw.
  2521 | D:4      | Found a sparkling altar of Nemelex Xobeh.
  2659 | D:4      | Found a sand-covered staircase.
  2667 | Ossuary  | Entered an ossuary
  2742 | Ossuary  | Noticed a laughing skull
  2752 | Ossuary  | Noticed a laughing skull
  2874 | Ossuary  | Noticed a laughing skull
  2914 | Ossuary  | Reached skill level 7 in Unarmed Combat
  2914 | Ossuary  | Reached XP level 6. HP: 46/59 MP: 5/5
  3498 | D:4      | Reached skill level 8 in Unarmed Combat
  3498 | D:4      | Reached XP level 7. HP: 58/66 MP: 6/6
  3527 | D:5      | Entered Level 5 of the Dungeon
  3645 | D:5      | Found a bloodstained altar of Trog.
  3834 | D:4      | Reached skill level 9 in Unarmed Combat
  4209 | D:5      | Reached XP level 8. HP: 73/74 MP: 7/7
  4212 | D:5      | Reached skill level 10 in Unarmed Combat
  4265 | D:5      | Reached skill level 1 in Shapeshifting
  4420 | D:5      | Reached skill level 3 in Shapeshifting
  4689 | D:5      | Identified the +1 dagger of Semulux {antimagic, Str+2
                  | Dex+3}
  5201 | D:6      | Reached skill level 6 in Shapeshifting
  5452 | D:6      | Reached XP level 9. HP: 54/80 MP: 4/8
  5691 | D:7      | Found a staircase to the Ecumenical Temple.
  5703 | Temple   | Entered the Ecumenical Temple
  5726 | Temple   | Became a worshipper of Cheibriados the Contemplative
  5726 | Temple   | Reached * piety under Cheibriados
  5726 | Temple   | Reached ** piety under Cheibriados
  5921 | D:7      | Reached skill level 3 in Fighting
  6324 | D:8      | Noticed Grum
  6340 | D:8      | Killed Grum
  6341 | D:8      | Reached skill level 11 in Unarmed Combat
  6686 | D:8      | Found a staircase to the Lair.
  6703 | D:8      | Reached *** piety under Cheibriados
  6965 | D:9      | Reached XP level 10. HP: 83/96 MP: 7/9
  7172 | D:9      | HP: 7/147 [poisoned by a killer bee]
  7172 | D:9      | HP: 3/147 [killer bee (4)]
  7172 | D:9      | Slain by a killer bee

Illustrated notes

Levels and vault maps discovered:
D:1:      ncdulo_lavacross, layout_basic
D:2:      layout_basic, basic_ecumenical_altar, basic_altar,
          minmay_snake_closets
D:3:      layout_basic
D:4:      layout_loops_cross, chequers_temple_overflow_statue_of_worship,
          enter_ossuary_1
D:5:      layout_cave_pods, trog_ov_bears_minmay, minmay_starry_boxes
D:6:      layout_loops_cross, kennysheep_diamond
D:7:      layout_rooms, temple_green, david_defended_altar_orc
D:8:      layout_loops_ring, lair_entry_dummy, uniq_grum
D:9:      layout_basic, uniq_harold
Temple:   nicolae_temple_elliptical

Skill      XL: |  1  2  3  4  5  6  7  8  9 |
---------------+----------------------------+-----
Unarmed Combat | 4 5 7 8 9 10 11 | 11.8
Shapeshifting  | 6 7 |  7.0
Fighting       | 5 |  5.9
Dodging        | |  2.4

Action                     |  1- 3 |  4- 6 |  7- 9 | 10-12 || total
---------------------------+-------+-------+-------+-------++-------
  Melee: Unarmed           |    75 |   165 |   245 |    60 ||   545
    Use: Scroll            |       |    11 |     7 |       ||    18
         Potion            |       |       |     2 |     2 ||     4
 Armour: Robe              |    39 |    78 |   147 |       ||   264
         Skin              |       |       |    47 |    47 ||    94
  Dodge: Dodged            |    33 |    58 |   156 |    58 ||   305
   Form: Flux              |       |       |     2 |       ||     2
                           |       |       |     1 |       ||     1
